 Dungeon Crawl Stone Soup version 0.29-a0-565-g7a16c6de65 (webtiles) character file.

Game seed: 2670396475729545228

4137 Lekart the Nimble (level 10, -40/88 HPs)
             Began as a White Draconian Chaos Knight on June 12, 2022.
             Was a Plaything of Xom.
             Killed from afar by a green death (41 damage)
             ... with a poison arrow
             ... on level 2 of the Abyss.
             The game lasted 00:17:56 (8519 turns).

Lekart the Nimble (White Draconian Chaos Knight)    Turns: 8519, Time: 00:17:56

Health: -40/88     AC:  9    Str: 20      XL:     10   Next: 7%
Magic:  11/11      EV: 16    Int: 13 (14) God:    Xom [......]
Gold:   1600       SH:  0    Dex: 12      Spells: 9/9 levels left

rFire   . . .      SeeInvis +   e - +4 spear (vorpal)
rCold   + . .      Faith    .   (no shield)
rNeg    . . .      Spirit   .   (body armour unavailable)
rPois   .          Reflect  .   (helmet restricted)
rElec   .          Harm     .   q - +0 cloak
rCorr   .          Rampage  .   (no gloves)
Will    .....                   h - +0 pair of boots
Stlth   ++........              (no amulet)
HPRegen 1.04/turn               (no ring)
MPRegen 0.12/turn               (no ring)

@: confused, lethally poisoned (-40 -> -72), ambrosia-drunk, unable to read
A: breathe frost, AC +7, unfitting armour, cold resistance 1, cold-blooded, thin
skeletal structure 1, see invisible, clever 1, high MP 1, regeneration 1,
inability to read while threatened, noise suppression
a: Breathe Frost, Renounce Religion


You were on level 2 of the Abyss.
You worshipped Xom.
You were a very special plaything of Xom.
You visited 2 branches of the dungeon, and saw 9 of its levels.
You visited the Abyss 1 time.
You also visited: Bailey.

You collected 1600 gold pieces.

Inventory:

Hand Weapons
 a - a +0 hand axe of chaos
 e - a +4 vorpal spear (weapon)
Armour
 h - a +0 pair of boots (worn)
 q - a +0 cloak (worn)
Wands
 d - a wand of digging (7)
 r - a wand of paralysis (4)
Scrolls
 o - 2 scrolls of amnesia
Potions
 c - a potion of brilliance
 f - 3 potions of attraction
 i - 2 potions of magic
 j - a potion of resistance
 k - a potion of mutation
 m - a potion of lignification
Miscellaneous
 b - a piece from Xom's chessboard (14/15) (quivered)


   Skills:
 + Level 7.9 Fighting
 + Level 8.1 Axes
 + Level 0.6(5.0) Polearms
 * Level 9.9 Dodging
 + Level 1.4 Evocations


You had 9 spell levels left.
You didn't know any spells.
Your spell library contained the following spells:

 Spells                   Type           Power      Damage    Failure   Level
 Dispersal                Tloc           0%         N/A       100%        6
 Disjunction              Tloc           0%         N/A       100%        8


Dungeon Overview and Level Annotations

Branches:
Dungeon (8/15)             Temple (1/1) D:7          Bailey (visited)
   Lair: D:8-11

Altars:
Ashenzari
Cheibriados
Dithmenos
Elyvilon
Fedhas
Gozag
Hepliaklqana
Kikubaaqudgha
Makhleb
Nemelex Xobeh
Qazlal
Ru
Sif Muna
Uskayaw
Vehumet
Xom
Yredelemnul
Zin
The Shining One

Annotations:
Abyss:1 Natasha


Innate Abilities, Weirdness & Mutations

You can breathe waves of freezing cold which knock back foes.
Your icy white scales are hard. (AC +7)
You cannot fit into any form of body armour.
Your flesh is cold resistant. (rC+)
You are cold-blooded and may be slowed by cold attacks.
You have a somewhat thin skeletal structure. (Dex +2, Stealth+)
You have supernaturally acute eyesight. (SInv)
Your mind is acute. (Int +2)
You have an increased reservoir of magic. (+10% MP)
Your natural rate of healing is unusually fast.
You sometimes lose the ability to read scrolls when taking damage.
You passively dampen the noise of your surroundings.


Message History

You partially resist.
You feel threatened and lose the ability to read scrolls!
You closely miss the green death.
The green death is lightly wounded.
You feel very sick. The green death completely misses you.
Okay, then.
Aiming: Paralyse
Press: ? - help, Shift-Dir - straight line, f/p - green death
Aim: a green death (lightly wounded, chance to affect: 0%)
Okay, then.
Your magical effects are unravelling.
You feel magically purged.
You feel less wooden.
Your +0 cloak unmelds from your body.
Your +0 pair of boots unmelds from your body.
You feel your health improve.
You feel sick. The green death closely misses you.
You cannot read scrolls in your current state!
You feel sick.
The green death attacks as you move away!
The green death hits you but does no damage.
You feel sick.
You are confused.
You feel invigorated.
You feel sick. "Heh heh heh..."
You are more confused.
The green death gestures at you. The poison arrow hits you!!
You are more poisoned.
* * * LOW HITPOINT WARNING * * *
Xom roars with laughter!
Okay, then.
* * * LOW HITPOINT WARNING * * *
You feel very sick. The green death gestures at you.
The poison arrow hits you!!!
You are more poisoned.
You die...
Xom laughs nastily!

. .# . . .# .
##. . . .# .#.#
.# #. #.#. #..#
. #@# #.###
#2#.# . ##..####
. ###...# ###
#..#.# #. .
.#..... .
...........##...
.. .... .. #.# #


You could see a green death.

Vanquished Creatures
  Pikel (D:5)
  A worldbinder (Abyss:2)
  Joseph (D:7)
  An ancient zyme (Abyss:2)
  Prince Ribbit (D:6)
  Menkaure (D:4)
  Edmund (D:6)
  Duvessa (D:7)
  An acid dragon (D:6)
  A water moccasin (D:7)
  An orc warrior (D:7)
  An ice beast (D:6)
  3 sky beasts (D:7)
  2 black bears
  A small abomination (Abyss:2)
  An ogre (D:5)
  A centaur (D:7)
  A lemure (D:5)
  A phantom (D:6)
  Blork the orc (D:4)
  2 bullfrogs (D:6)
  2 gnoll sergeants
  2 necrophages (D:7)
  2 scorpions
  4 killer bees (D:7)
  3 howler monkeys (D:7)
  4 hounds
  A jelly (D:6)
  2 gnoll shamans (D:5)
  Ijyb (D:4)
  6 iguanas
  8 orc wizards
  7 gnolls
  6 adders
  2 shadow imps
  A worm (D:5)
  3 dart slugs
  10 orcs
  6 ball pythons
  5 endoplasms
  A giant cockroach (D:4)
  7 goblins
  3 hobgoblins
  4 jackals (D:2)
  4 quokkas
  3 bats
  2 frilled lizards
  A goblin zombie (D:4)
  4 kobolds
  A quokka zombie (D:4)
  6 rats
136 creatures vanquished.

Vanquished Creatures (collateral kills)
  Dowan (D:7)
  A crimson imp (D:4)
  A hound (D:4)
  A worm (D:2)
  2 orcs (D:7)
  A frilled lizard (D:2)
7 creatures vanquished.

Vanquished Creatures (others)
  A goblin zombie (D:4)
  An orc zombie (D:6)
2 creatures vanquished.

Grand Total: 145 creatures vanquished

Notes
Turn   | Place    | Note
-------+----------+-------------------------------------------
     0 | D:1      | Lekart the Draconian Chaos Knight began the quest for the
                  | Orb.
     0 | D:1      | Reached XP level 1. HP: 19/19 MP: 1/1
   300 | D:1      | XOM: silly message
   364 | D:1      | Reached XP level 2. HP: 27/27 MP: 2/2
   380 | D:1      | XOM: 2-stop teleportation journey
   438 | D:1      | You fall into a shaft and drop 1 floor!
   455 | D:2      | XOM: smoke on damage
   484 | D:2      | Reached skill level 3 in Dodging
   484 | D:2      | Reached XP level 3. HP: 5/33 MP: 3/3
   593 | D:2      | XOM: silly message
   644 | D:2      | XOM: divination: detect creatures
   731 | D:2      | XOM: noise
   778 | D:2      | XOM: silly message
   788 | D:2      | XOM: noise
   975 | D:2      | Found a faded altar of an unknown god.
  1349 | D:2      | Noticed Natasha
  1355 | D:2      | XOM: god gift: 59 gold pieces
  1364 | D:2      | Banished Natasha
  1365 | D:2      | Reached XP level 4. HP: 40/40 MP: 4/4
  1719 | D:2      | Gained mutation: You are frail. (-10% HP) [potion of
                  | mutation]
  1719 | D:2      | Gained mutation: You have supernaturally acute eyesight.
                  | (SInv) [potion of mutation]
  1719 | D:2      | Gained mutation: You have an increased reservoir of magic.
                  | (+10% MP) [potion of mutation]
  1719 | D:2      | Gained mutation: You have a somewhat thin skeletal
                  | structure. (Dex +2, Stealth+) [potion of mutation]
  2091 | D:3      | XOM: 6-stop teleportation journey
  2134 | D:3      | XOM: 1-stop teleportation journey
  2304 | D:3      | HP: 1/36 [iguana (5)]
  2309 | D:3      | Reached skill level 4 in Dodging
  2630 | D:3      | Found a broken altar of Ashenzari.
  2894 | D:4      | Noticed Ijyb
  2908 | D:4      | XOM: summons friendly shadow imp
  2922 | D:4      | Killed Ijyb
  2923 | D:4      | Reached XP level 5. HP: 30/42 MP: 5/5
  3034 | D:4      | XOM: divination: magic mapping
  3226 | D:4      | Noticed Menkaure
  3230 | D:4      | XOM: butterfly on damage
  3231 | D:4      | Killed Menkaure
  3232 | D:4      | Reached skill level 5 in Fighting
  3232 | D:4      | Reached skill level 5 in Dodging
  3232 | D:4      | Reached XP level 6. HP: 31/50 MP: 6/6
  3766 | D:4      | Noticed Grinder
  3766 | D:4      | Noticed Blork the orc
  3781 | D:4      | Killed Blork the orc
  3781 | D:4      | XOM: summons 3 friendly demons
  3789 | D:4      | XOM: polymorph Grinder -> Grinder
  3792 | D:4      | Noticed Grinder
  3792 | D:4      | Grinder changed into Grinder the crimson imp
  3792 | D:4      | XOM: polymorph Grinder -> Grinder the crimson imp
  3795 | D:4      | Killed Grinder the crimson imp
  4019 | D:4      | XOM: fog
  4023 | D:4      | Your ally Ijyb died
  4257 | D:5      | Entered Level 5 of the Dungeon
  4354 | D:5      | Reached skill level 6 in Dodging
  4354 | D:5      | Your scales start taking on an icy white colour.
  4354 | D:5      | Reached XP level 7. HP: 44/54 MP: 7/7
  4354 | D:5      | Gained mutation: Your flesh is cold resistant. (rC+) [White
                  | Draconian growth]
  4717 | D:5      | XOM: stat loss: -1 Int (11/12)
  4773 | D:5      | XOM: silly message
  4904 | D:5      | XOM: god gift: 719 gold pieces
  4968 | D:5      | Reached skill level 7 in Dodging
  5322 | D:5      | Noticed Pikel
  5326 | D:5      | XOM: cleaving
  5332 | D:5      | XOM: confuse monster(s)
  5333 | D:5      | Reached XP level 8. HP: 63/63 MP: 8/8
  5338 | D:5      | XOM: summons 8 friendly demons
  5341 | D:5      | Killed Pikel
  5342 | D:5      | Reached skill level 8 in Dodging
  5515 | D:4      | XOM: silly message
  5659 | D:5      | XOM: give mutations
  5659 | D:5      | Gained mutation: Your natural rate of healing is unusually
                  | fast. [Xom's grace]
  5659 | D:5      | Gained mutation: Your system is resistant to poisons.
                  | (rPois) [Xom's grace]
  5808 | D:5      | XOM: scenery: 1 doors open
  6091 | D:6      | Noticed Edmund
  6101 | D:6      | Noticed Prince Ribbit
  6101 | D:6      | XOM: 7-stop teleportation journey
  6143 | D:6      | Killed Edmund
  6144 | D:6      | Reached skill level 5 in Axes
  6213 | D:6      | Found a hazy altar of Hepliaklqana.
  6411 | D:6      | XOM: silly message
  6466 | D:6      | XOM: silly message
  6472 | D:6      | Killed Prince Ribbit
  6473 | D:6      | Reached XP level 9. HP: 51/70 MP: 9/9
  6623 | D:6      | Reached skill level 9 in Dodging
  6623 | D:6      | XOM: potion effect (heal wounds)
  6632 | D:6      | Reached skill level 1 in Evocations
  6794 | D:6      | Found a blossoming altar of Fedhas.
  6944 | D:7      | XOM: cast spell 'Cause Fear'
  7021 | D:7      | XOM: cast spell 'Leda's Liquefaction'
  7049 | D:7      | XOM: noise
  7182 | D:7      | Noticed Joseph
  7185 | D:7      | XOM: potion effect (curing)
  7189 | D:7      | XOM: divination: detect items
  7210 | D:7      | XOM: potion effect (invisibility)
  7219 | D:7      | Killed Joseph
  7342 | D:7      | XOM: fog
  7484 | D:7      | XOM: scenery: 1 doors open, 2 doors close
  7515 | D:7      | XOM: scenery: summon butterflies
  7709 | D:7      | Noticed Duvessa
  7711 | D:7      | Noticed Dowan
  7715 | D:7      | XOM: confuse monster(s)
  7722 | D:7      | Killed Duvessa
  7722 | D:7      | Killed Dowan
  7723 | D:7      | Reached XP level 10. HP: 74/79 MP: 11/11
  7731 | D:7      | Found a staircase to the Ecumenical Temple.
  7740 | Temple   | Entered the Ecumenical Temple
  7943 | D:7      | XOM: give mutations
  7943 | D:7      | Gained mutation: Your mind is acute. (Int +2) [Xom's grace]
  7943 | D:7      | Lost mutation: You are frail. (-10% HP) [Xom's grace]
  7943 | D:7      | Gained mutation: You passively dampen the noise of your
                  | surroundings. [Xom's grace]
  8012 | D:7      | XOM: give mutations
  8012 | D:7      | Gained mutation: You sometimes lose the ability to read
                  | scrolls when taking damage. [Xom's mischief]
  8012 | D:7      | Gained mutation: You are weak. (Str -2) [Xom's mischief]
  8012 | D:7      | Lost mutation: You are weak. (Str -2) [Xom's mischief]
  8012 | D:7      | Lost mutation: Your system is resistant to poisons. (rPois)
                  | [Xom's mischief]
  8349 | D:8      | Found a flagged portal.
  8362 | Bailey   | Entered a bailey
  8370 | Bailey   | Cast into level 2 of the Abyss (Xom)
  8417 | Abyss:2  | Noticed a worldbinder
  8421 | Abyss:2  | Noticed a naga warrior
  8426 | Abyss:2  | Noticed a naga warrior
  8428 | Abyss:2  | XOM: confusion
  8430 | Abyss:2  | Noticed a black mamba
  8430 | Abyss:2  | Noticed a naga warrior
  8438 | Abyss:2  | XOM: stat loss: -1 Int (13/14)
  8439 | Abyss:2  | Killed a worldbinder
  8501 | Abyss:2  | Noticed a green death
  8518 | Abyss:2  | XOM: confusion
  8518 | Abyss:2  | HP: 1/88 [green death/poison arrow (31)]
  8519 | Abyss:2  | Killed from afar by a green death

Illustrated notes

Levels and vault maps discovered:
D:1:      amcnicky_arrival_choice, layout_loops_ring, minmay_tall_x
D:2:      layout_loops_ring, shapermc_ecumenical_altar_totnotflames,
          uniq_natasha
D:3:      minmay_inner_zag, layout_basic, mainiacjoe_overflow_brackets
D:4:      layout_basic, enter_ossuary_4, uniq_grinder, uniq_blork_the_orc,
          uniq_menkaure, uniq_ijyb
D:5:      minmay_polygon_palace, layout_basic, uniq_pikel
D:6:      layout_basic, mainiacjoe_overflow_big_doors, serial_corexii_hall,
          corexii_hall_statues_i, corexii_hall_statues_t,
          corexii_hall_statues_i, corexii_hall_statues_i,
          corexii_hall_statues_s, corexii_hall_statues_i,
          minmay_misc_feat_rugged, uniq_prince_ribbit1, uniq_edmund
D:7:      layout_gridville, lemuel_temple_firewalk_b, uniq_joseph, uniq_duvessa
D:8:      minmay_chambers_of_sixes, layout_basic, mainiacjoe_overflow_alcove_4,
          ebering_ghost_inner_flame, enter_bailey_3
Temple:   nicolae_temple_elliptical
Abyss:2:  base:
D:7
Bailey:   bailey_polearm_nasty_gnolls, bailey

Skill      XL: |  1  2  3  4  5  6  7  8  9 |
---------------+----------------------------+-----
Fighting       | 4 5 6 7 |  7.9
Dodging        | 3 4 5 6 7 8 9 |  9.9
Axes           | 5 8 |  8.1
Evocations     | 1 |  1.4
Polearms       | |  0.6

Action                   |  1- 3 |  4- 6 |  7- 9 | 10-12 || total
-------------------------+-------+-------+-------+-------++-------
Melee: Hand axe          |    71 |   144 |   299 |       ||   514
       Tailslap          |     5 |    14 |    60 |    11 ||    90
       Punch             |     2 |       |     4 |       ||     6
       Spear             |       |       |    41 |    50 ||    91
 Abil: Breathe Frost     |       |       |    10 |     1 ||    11
Evoke: Wand              |       |       |    14 |     3 ||    17
       Piece from Xom's  |       |       |     1 |       ||     1
  Use: Potion            |     2 |     2 |     3 |     5 ||    12
       Scroll            |       |    12 |    11 |       ||    23
 Stab: Paralysed         |     1 |       |     5 |       ||     6
       Distracted        |     1 |       |     1 |       ||     2
       Sleeping          |       |     8 |     2 |     1 ||    11
       Confused          |       |       |     2 |       ||     2
       Invisible         |       |       |     1 |       ||     1
Armor: Skin              |    28 |    38 |    87 |    17 ||   170
Dodge: Dodged            |    48 |    76 |   250 |    37 ||   411

Table legend: (Time is in decaauts)
 A = Elapsed time spent in this place.
 B = Non-inter-level travel time spent in this place.
 C = Inter-level travel time spent in this place.
 D = Time resting spent in this place.
 E = Time spent auto-exploring this place.
 F = Levels seen in this place.
 G = Mean time per level.
                   A        B        C        D        E       F      G
               +--------+--------+--------+--------+--------+-----+--------+
         Total |   8552 |   8307 |    245 |   1318 |   5369 |  11 |  777.5 |
       Dungeon |   8239 |   8016 |    223 |   1270 |   5248 |   8 | 1029.9 |
        Temple |    159 |    137 |     22 |      0 |    121 |   1 |  159.0 |
         Abyss |    145 |    145 |      0 |     48 |      0 |   1 |  145.0 |
        Bailey |      7 |      7 |      0 |      0 |      0 |   1 |    7.0 |
               +--------+--------+--------+--------+--------+-----+--------+

Top non-repeatable levels by time:
     D:5: 1724 daAuts
     D:4: 1593 daAuts
     D:2: 1337 daAuts
     D:7: 1249 daAuts
     D:3: 1031 daAuts
     D:6: 849 daAuts
     D:1: 440 daAuts
  Temple: 159 daAuts
 Abyss:2: 145 daAuts
     D:8: 13 daAuts
  Bailey: 7 daAuts
